Workbook

Sheet Calendar
A1: Payment calendar
A2: Yellow cells are yours, formulas compute the rest.
A4: Period starts | C4: 46296 | E4: Receipts in the period | H4: =SUM(D13:D54) -> 1288500
A5: Opening balance | C5: 250000 | E5: Payments in the period | H5: =SUM(E13:E54) -> 1505300
A6: Reserve to keep | C6: 100000 | E6: Closing balance | H6: =G54 -> 33200
E7: Lowest balance | H7: =MIN($G$13:$G$54) -> -181800
E8: On | H8: =INDEX($A$13:$A$54,MATCH(H7,$G$13:$G$54,0)) -> 46323
E9: Days in a cash gap | H9: =COUNTIF($G$13:$G$54,"<0") -> 9
E10: To raise to keep the reserve | H10: =MAX(0,C6-H7) -> 281800
A12: Date | B12: Day | C12: Opening | D12: Receipts | E12: Payments | F12: Net flow | G12: Closing | H12: Signal
A13: =$C$4 -> 46296 | B13: =CHOOSE(WEEKDAY(A13,2),"Mon","Tue","Wed","Thu","Fri","Sat","Sun") -> Thu | C13: =$C$5 -> 250000 | D13: =SUMIFS('Register'!$E$4:$E$253,'Register'!$A$4:$A$253,A13,'Register'!$B$4:$B$253,"Receipt") -> 0 | E13: =SUMIFS('Register'!$E$4:$E$253,'Register'!$A$4:$A$253,A13,'Register'!$B$4:$B$253,"Payment") -> 85000 | F13: =D13-E13 -> -85000 | G13: =ROUND(C13+F13,2) -> 165000 | H13: =IF(G13<0,"Cash gap",IF(G13<$C$6,"Below reserve",""))
A14: =A13+1 -> 46297 | B14: =CHOOSE(WEEKDAY(A14,2),"Mon","Tue","Wed","Thu","Fri","Sat","Sun") -> Fri | C14: =G13 -> 165000 | D14: =SUMIFS('Register'!$E$4:$E$253,'Register'!$A$4:$A$253,A14,'Register'!$B$4:$B$253,"Receipt") -> 180000 | E14: =SUMIFS('Register'!$E$4:$E$253,'Register'!$A$4:$A$253,A14,'Register'!$B$4:$B$253,"Payment") -> 0 | F14: =D14-E14 -> 180000 | G14: =ROUND(C14+F14,2) -> 345000 | H14: =IF(G14<0,"Cash gap",IF(G14<$C$6,"Below reserve",""))
A15: =A14+1 -> 46298 | B15: =CHOOSE(WEEKDAY(A15,2),"Mon","Tue","Wed","Thu","Fri","Sat","Sun") -> Sat | C15: =G14 -> 345000 | D15: =SUMIFS('Register'!$E$4:$E$253,'Register'!$A$4:$A$253,A15,'Register'!$B$4:$B$253,"Receipt") -> 0 | E15: =SUMIFS('Register'!$E$4:$E$253,'Register'!$A$4:$A$253,A15,'Register'!$B$4:$B$253,"Payment") -> 35000 | F15: =D15-E15 -> -35000 | G15: =ROUND(C15+F15,2) -> 310000 | H15: =IF(G15<0,"Cash gap",IF(G15<$C$6,"Below reserve",""))
A16: =A15+1 -> 46299 | B16: =CHOOSE(WEEKDAY(A16,2),"Mon","Tue","Wed","Thu","Fri","Sat","Sun") -> Sun | C16: =G15 -> 310000 | D16: =SUMIFS('Register'!$E$4:$E$253,'Register'!$A$4:$A$253,A16,'Register'!$B$4:$B$253,"Receipt") -> 0 | E16: =SUMIFS('Register'!$E$4:$E$253,'Register'!$A$4:$A$253,A16,'Register'!$B$4:$B$253,"Payment") -> 0 | F16: =D16-E16 -> 0 | G16: =ROUND(C16+F16,2) -> 310000 | H16: =IF(G16<0,"Cash gap",IF(G16<$C$6,"Below reserve",""))
A17: =A16+1 -> 46300 | B17: =CHOOSE(WEEKDAY(A17,2),"Mon","Tue","Wed","Thu","Fri","Sat","Sun") -> Mon | C17: =G16 -> 310000 | D17: =SUMIFS('Register'!$E$4:$E$253,'Register'!$A$4:$A$253,A17,'Register'!$B$4:$B$253,"Receipt") -> 0 | E17: =SUMIFS('Register'!$E$4:$E$253,'Register'!$A$4:$A$253,A17,'Register'!$B$4:$B$253,"Payment") -> 6400 | F17: =D17-E17 -> -6400 | G17: =ROUND(C17+F17,2) -> 303600 | H17: =IF(G17<0,"Cash gap",IF(G17<$C$6,"Below reserve",""))
A18: =A17+1 -> 46301 | B18: =CHOOSE(WEEKDAY(A18,2),"Mon","Tue","Wed","Thu","Fri","Sat","Sun") -> Tue | C18: =G17 -> 303600 | D18: =SUMIFS('Register'!$E$4:$E$253,'Register'!$A$4:$A$253,A18,'Register'!$B$4:$B$253,"Receipt") -> 0 | E18: =SUMIFS('Register'!$E$4:$E$253,'Register'!$A$4:$A$253,A18,'Register'!$B$4:$B$253,"Payment") -> 130000 | F18: =D18-E18 -> -130000 | G18: =ROUND(C18+F18,2) -> 173600 | H18: =IF(G18<0,"Cash gap",IF(G18<$C$6,"Below reserve",""))
A19: =A18+1 -> 46302 | B19: =CHOOSE(WEEKDAY(A19,2),"Mon","Tue","Wed","Thu","Fri","Sat","Sun") -> Wed | C19: =G18 -> 173600 | D19: =SUMIFS('Register'!$E$4:$E$253,'Register'!$A$4:$A$253,A19,'Register'!$B$4:$B$253,"Receipt") -> 0 | E19: =SUMIFS('Register'!$E$4:$E$253,'Register'!$A$4:$A$253,A19,'Register'!$B$4:$B$253,"Payment") -> 0 | F19: =D19-E19 -> 0 | G19: =ROUND(C19+F19,2) -> 173600 | H19: =IF(G19<0,"Cash gap",IF(G19<$C$6,"Below reserve",""))
A20: =A19+1 -> 46303 | B20: =CHOOSE(WEEKDAY(A20,2),"Mon","Tue","Wed","Thu","Fri","Sat","Sun") -> Thu | C20: =G19 -> 173600 | D20: =SUMIFS('Register'!$E$4:$E$253,'Register'!$A$4:$A$253,A20,'Register'!$B$4:$B$253,"Receipt") -> 95000 | E20: =SUMIFS('Register'!$E$4:$E$253,'Register'!$A$4:$A$253,A20,'Register'!$B$4:$B$253,"Payment") -> 0 | F20: =D20-E20 -> 95000 | G20: =ROUND(C20+F20,2) -> 268600 | H20: =IF(G20<0,"Cash gap",IF(G20<$C$6,"Below reserve",""))
A21: =A20+1 -> 46304 | B21: =CHOOSE(WEEKDAY(A21,2),"Mon","Tue","Wed","Thu","Fri","Sat","Sun") -> Fri | C21: =G20 -> 268600 | D21: =SUMIFS('Register'!$E$4:$E$253,'Register'!$A$4:$A$253,A21,'Register'!$B$4:$B$253,"Receipt") -> 0 | E21: =SUMIFS('Register'!$E$4:$E$253,'Register'!$A$4:$A$253,A21,'Register'!$B$4:$B$253,"Payment") -> 160000 | F21: =D21-E21 -> -160000 | G21: =ROUND(C21+F21,2) -> 108600 | H21: =IF(G21<0,"Cash gap",IF(G21<$C$6,"Below reserve",""))
A22: =A21+1 -> 46305 | B22: =CHOOSE(WEEKDAY(A22,2),"Mon","Tue","Wed","Thu","Fri","Sat","Sun") -> Sat | C22: =G21 -> 108600 | D22: =SUMIFS('Register'!$E$4:$E$253,'Register'!$A$4:$A$253,A22,'Register'!$B$4:$B$253,"Receipt") -> 0 | E22: =SUMIFS('Register'!$E$4:$E$253,'Register'!$A$4:$A$253,A22,'Register'!$B$4:$B$253,"Payment") -> 0 | F22: =D22-E22 -> 0 | G22: =ROUND(C22+F22,2) -> 108600 | H22: =IF(G22<0,"Cash gap",IF(G22<$C$6,"Below reserve",""))
A23: =A22+1 -> 46306 | B23: =CHOOSE(WEEKDAY(A23,2),"Mon","Tue","Wed","Thu","Fri","Sat","Sun") -> Sun | C23: =G22 -> 108600 | D23: =SUMIFS('Register'!$E$4:$E$253,'Register'!$A$4:$A$253,A23,'Register'!$B$4:$B$253,"Receipt") -> 0 | E23: =SUMIFS('Register'!$E$4:$E$253,'Register'!$A$4:$A$253,A23,'Register'!$B$4:$B$253,"Payment") -> 0 | F23: =D23-E23 -> 0 | G23: =ROUND(C23+F23,2) -> 108600 | H23: =IF(G23<0,"Cash gap",IF(G23<$C$6,"Below reserve",""))
A24: =A23+1 -> 46307 | B24: =CHOOSE(WEEKDAY(A24,2),"Mon","Tue","Wed","Thu","Fri","Sat","Sun") -> Mon | C24: =G23 -> 108600 | D24: =SUMIFS('Register'!$E$4:$E$253,'Register'!$A$4:$A$253,A24,'Register'!$B$4:$B$253,"Receipt") -> 0 | E24: =SUMIFS('Register'!$E$4:$E$253,'Register'!$A$4:$A$253,A24,'Register'!$B$4:$B$253,"Payment") -> 115000 | F24: =D24-E24 -> -115000 | G24: =ROUND(C24+F24,2) -> -6400 | H24: =IF(G24<0,"Cash gap",IF(G24<$C$6,"Below reserve","")) -> Cash gap
A25: =A24+1 -> 46308 | B25: =CHOOSE(WEEKDAY(A25,2),"Mon","Tue","Wed","Thu","Fri","Sat","Sun") -> Tue | C25: =G24 -> -6400 | D25: =SUMIFS('Register'!$E$4:$E$253,'Register'!$A$4:$A$253,A25,'Register'!$B$4:$B$253,"Receipt") -> 0 | E25: =SUMIFS('Register'!$E$4:$E$253,'Register'!$A$4:$A$253,A25,'Register'!$B$4:$B$253,"Payment") -> 12400 | F25: =D25-E25 -> -12400 | G25: =ROUND(C25+F25,2) -> -18800 | H25: =IF(G25<0,"Cash gap",IF(G25<$C$6,"Below reserve","")) -> Cash gap
... A54: =A53+1 -> 46337 | B54: =CHOOSE(WEEKDAY(A54,2),"Mon","Tue","Wed","Thu","Fri","Sat","Sun") -> Wed | C54: =G53 -> 33200 | D54: =SUMIFS('Register'!$E$4:$E$253,'Register'!$A$4:$A$253,A54,'Register'!$B$4:$B$253,"Receipt") -> 0 | E54: =SUMIFS('Register'!$E$4:$E$253,'Register'!$A$4:$A$253,A54,'Register'!$B$4:$B$253,"Payment") -> 0 | F54: =D54-E54 -> 0 | G54: =ROUND(C54+F54,2) -> 33200 | H54: =IF(G54<0,"Cash gap",IF(G54<$C$6,"Below reserve","")) -> Below reserve

Sheet Register
A1: Register of receipts and payments
A2: One row per expected movement of money. Items come from the list on the By item sheet.
A3: Date | B3: Kind | C3: Item | D3: Counterparty | E3: Amount | F3: Status | G3: Note
A4: 46296 | B4: Payment | C4: Rent | D4: Meridian Business Centre | E4: 85000 | F4: Paid
A5: 46297 | B5: Receipt | C5: Customer payments | D5: Vector LLC | E5: 180000 | F5: Paid
A6: 46298 | B6: Payment | C6: Marketing | D6: Search ads | E6: 35000 | F6: Paid
A7: 46300 | B7: Payment | C7: Telecom and software | D7: Telecom and cloud | E7: 6400 | F7: Paid
A8: 46301 | B8: Payment | C8: Suppliers | D8: Snabkomplekt LLC | E8: 130000 | F8: Planned
A9: 46303 | B9: Receipt | C9: Customer payments | D9: Sokolov, sole trader | E9: 95000 | F9: Planned
A10: 46304 | B10: Payment | C10: Payroll | D10: Payroll advance | E10: 160000 | F10: Planned
A11: 46307 | B11: Payment | C11: Suppliers | D11: Techprom LLC | E11: 115000 | F11: Planned
A12: 46308 | B12: Payment | C12: Utilities | D12: Electricity | E12: 12400 | F12: Planned
A13: 46310 | B13: Payment | C13: Loans and leasing | D13: Bank loan | E13: 42500 | F13: Planned
A14: 46311 | B14: Receipt | C14: Customer payments | D14: Altair LLC | E14: 240000 | F14: Planned
A15: 46314 | B15: Payment | C15: Marketing | D15: Search ads | E15: 35000 | F15: Planned
... A28: 46336 | B28: Receipt | C28: Customer payments | D28: Altair LLC | E28: 150000 | F28: Planned

Sheet By item
A1: Receipts and payments by item
A2: The list of items is yours — the Register offers it. Amounts are for the calendar period.
A3: Item | B3: Receipts | C3: Payments | D3: Share | E3: Already paid | F3: Not yet settled
A4: Customer payments | B4: =IF($A4="","",SUMIFS('Register'!$E$4:$E$253,'Register'!$C$4:$C$253,$A4,'Register'!$B$4:$B$253,"Receipt",'Register'!$A$4:$A$253,">="&'Calendar'!$C$4,'Register'!$A$4:$A$253,"<="&'Calendar'!$A$54)) -> 1270000 | C4: =IF($A4="","",SUMIFS('Register'!$E$4:$E$253,'Register'!$C$4:$C$253,$A4,'Register'!$B$4:$B$253,"Payment",'Register'!$A$4:$A$253,">="&'Calendar'!$C$4,'Register'!$A$4:$A$253,"<="&'Calendar'!$A$54)) -> 0 | D4: =IF($A4="","",IF($C$19=0,0,C4/$C$19)) -> 0 | E4: =IF($A4="","",SUMIFS('Register'!$E$4:$E$253,'Register'!$C$4:$C$253,$A4,'Register'!$F$4:$F$253,"Paid",'Register'!$A$4:$A$253,">="&'Calendar'!$C$4,'Register'!$A$4:$A$253,"<="&'Calendar'!$A$54)) -> 180000 | F4: =IF($A4="","",B4+C4-E4) -> 1090000
A5: Other receipts | B5: =IF($A5="","",SUMIFS('Register'!$E$4:$E$253,'Register'!$C$4:$C$253,$A5,'Register'!$B$4:$B$253,"Receipt",'Register'!$A$4:$A$253,">="&'Calendar'!$C$4,'Register'!$A$4:$A$253,"<="&'Calendar'!$A$54)) -> 18500 | C5: =IF($A5="","",SUMIFS('Register'!$E$4:$E$253,'Register'!$C$4:$C$253,$A5,'Register'!$B$4:$B$253,"Payment",'Register'!$A$4:$A$253,">="&'Calendar'!$C$4,'Register'!$A$4:$A$253,"<="&'Calendar'!$A$54)) -> 0 | D5: =IF($A5="","",IF($C$19=0,0,C5/$C$19)) -> 0 | E5: =IF($A5="","",SUMIFS('Register'!$E$4:$E$253,'Register'!$C$4:$C$253,$A5,'Register'!$F$4:$F$253,"Paid",'Register'!$A$4:$A$253,">="&'Calendar'!$C$4,'Register'!$A$4:$A$253,"<="&'Calendar'!$A$54)) -> 0 | F5: =IF($A5="","",B5+C5-E5) -> 18500
A6: Suppliers | B6: =IF($A6="","",SUMIFS('Register'!$E$4:$E$253,'Register'!$C$4:$C$253,$A6,'Register'!$B$4:$B$253,"Receipt",'Register'!$A$4:$A$253,">="&'Calendar'!$C$4,'Register'!$A$4:$A$253,"<="&'Calendar'!$A$54)) -> 0 | C6: =IF($A6="","",SUMIFS('Register'!$E$4:$E$253,'Register'!$C$4:$C$253,$A6,'Register'!$B$4:$B$253,"Payment",'Register'!$A$4:$A$253,">="&'Calendar'!$C$4,'Register'!$A$4:$A$253,"<="&'Calendar'!$A$54)) -> 483000 | D6: =IF($A6="","",IF($C$19=0,0,C6/$C$19)) -> 0.32086627 | E6: =IF($A6="","",SUMIFS('Register'!$E$4:$E$253,'Register'!$C$4:$C$253,$A6,'Register'!$F$4:$F$253,"Paid",'Register'!$A$4:$A$253,">="&'Calendar'!$C$4,'Register'!$A$4:$A$253,"<="&'Calendar'!$A$54)) -> 0 | F6: =IF($A6="","",B6+C6-E6) -> 483000
A7: Payroll | B7: =IF($A7="","",SUMIFS('Register'!$E$4:$E$253,'Register'!$C$4:$C$253,$A7,'Register'!$B$4:$B$253,"Receipt",'Register'!$A$4:$A$253,">="&'Calendar'!$C$4,'Register'!$A$4:$A$253,"<="&'Calendar'!$A$54)) -> 0 | C7: =IF($A7="","",SUMIFS('Register'!$E$4:$E$253,'Register'!$C$4:$C$253,$A7,'Register'!$B$4:$B$253,"Payment",'Register'!$A$4:$A$253,">="&'Calendar'!$C$4,'Register'!$A$4:$A$253,"<="&'Calendar'!$A$54)) -> 560000 | D7: =IF($A7="","",IF($C$19=0,0,C7/$C$19)) -> 0.37201887 | E7: =IF($A7="","",SUMIFS('Register'!$E$4:$E$253,'Register'!$C$4:$C$253,$A7,'Register'!$F$4:$F$253,"Paid",'Register'!$A$4:$A$253,">="&'Calendar'!$C$4,'Register'!$A$4:$A$253,"<="&'Calendar'!$A$54)) -> 0 | F7: =IF($A7="","",B7+C7-E7) -> 560000
A8: Taxes | B8: =IF($A8="","",SUMIFS('Register'!$E$4:$E$253,'Register'!$C$4:$C$253,$A8,'Register'!$B$4:$B$253,"Receipt",'Register'!$A$4:$A$253,">="&'Calendar'!$C$4,'Register'!$A$4:$A$253,"<="&'Calendar'!$A$54)) -> 0 | C8: =IF($A8="","",SUMIFS('Register'!$E$4:$E$253,'Register'!$C$4:$C$253,$A8,'Register'!$B$4:$B$253,"Payment",'Register'!$A$4:$A$253,">="&'Calendar'!$C$4,'Register'!$A$4:$A$253,"<="&'Calendar'!$A$54)) -> 126000 | D8: =IF($A8="","",IF($C$19=0,0,C8/$C$19)) -> 0.083704245 | E8: =IF($A8="","",SUMIFS('Register'!$E$4:$E$253,'Register'!$C$4:$C$253,$A8,'Register'!$F$4:$F$253,"Paid",'Register'!$A$4:$A$253,">="&'Calendar'!$C$4,'Register'!$A$4:$A$253,"<="&'Calendar'!$A$54)) -> 0 | F8: =IF($A8="","",B8+C8-E8) -> 126000
A9: Rent | B9: =IF($A9="","",SUMIFS('Register'!$E$4:$E$253,'Register'!$C$4:$C$253,$A9,'Register'!$B$4:$B$253,"Receipt",'Register'!$A$4:$A$253,">="&'Calendar'!$C$4,'Register'!$A$4:$A$253,"<="&'Calendar'!$A$54)) -> 0 | C9: =IF($A9="","",SUMIFS('Register'!$E$4:$E$253,'Register'!$C$4:$C$253,$A9,'Register'!$B$4:$B$253,"Payment",'Register'!$A$4:$A$253,">="&'Calendar'!$C$4,'Register'!$A$4:$A$253,"<="&'Calendar'!$A$54)) -> 170000 | D9: =IF($A9="","",IF($C$19=0,0,C9/$C$19)) -> 0.1129343 | E9: =IF($A9="","",SUMIFS('Register'!$E$4:$E$253,'Register'!$C$4:$C$253,$A9,'Register'!$F$4:$F$253,"Paid",'Register'!$A$4:$A$253,">="&'Calendar'!$C$4,'Register'!$A$4:$A$253,"<="&'Calendar'!$A$54)) -> 85000 | F9: =IF($A9="","",B9+C9-E9) -> 85000
A10: Loans and leasing | B10: =IF($A10="","",SUMIFS('Register'!$E$4:$E$253,'Register'!$C$4:$C$253,$A10,'Register'!$B$4:$B$253,"Receipt",'Register'!$A$4:$A$253,">="&'Calendar'!$C$4,'Register'!$A$4:$A$253,"<="&'Calendar'!$A$54)) -> 0 | C10: =IF($A10="","",SUMIFS('Register'!$E$4:$E$253,'Register'!$C$4:$C$253,$A10,'Register'!$B$4:$B$253,"Payment",'Register'!$A$4:$A$253,">="&'Calendar'!$C$4,'Register'!$A$4:$A$253,"<="&'Calendar'!$A$54)) -> 42500 | D10: =IF($A10="","",IF($C$19=0,0,C10/$C$19)) -> 0.028233575 | E10: =IF($A10="","",SUMIFS('Register'!$E$4:$E$253,'Register'!$C$4:$C$253,$A10,'Register'!$F$4:$F$253,"Paid",'Register'!$A$4:$A$253,">="&'Calendar'!$C$4,'Register'!$A$4:$A$253,"<="&'Calendar'!$A$54)) -> 0 | F10: =IF($A10="","",B10+C10-E10) -> 42500
A11: Marketing | B11: =IF($A11="","",SUMIFS('Register'!$E$4:$E$253,'Register'!$C$4:$C$253,$A11,'Register'!$B$4:$B$253,"Receipt",'Register'!$A$4:$A$253,">="&'Calendar'!$C$4,'Register'!$A$4:$A$253,"<="&'Calendar'!$A$54)) -> 0 | C11: =IF($A11="","",SUMIFS('Register'!$E$4:$E$253,'Register'!$C$4:$C$253,$A11,'Register'!$B$4:$B$253,"Payment",'Register'!$A$4:$A$253,">="&'Calendar'!$C$4,'Register'!$A$4:$A$253,"<="&'Calendar'!$A$54)) -> 105000 | D11: =IF($A11="","",IF($C$19=0,0,C11/$C$19)) -> 0.069753538 | E11: =IF($A11="","",SUMIFS('Register'!$E$4:$E$253,'Register'!$C$4:$C$253,$A11,'Register'!$F$4:$F$253,"Paid",'Register'!$A$4:$A$253,">="&'Calendar'!$C$4,'Register'!$A$4:$A$253,"<="&'Calendar'!$A$54)) -> 35000 | F11: =IF($A11="","",B11+C11-E11) -> 70000
A12: Telecom and software | B12: =IF($A12="","",SUMIFS('Register'!$E$4:$E$253,'Register'!$C$4:$C$253,$A12,'Register'!$B$4:$B$253,"Receipt",'Register'!$A$4:$A$253,">="&'Calendar'!$C$4,'Register'!$A$4:$A$253,"<="&'Calendar'!$A$54)) -> 0 | C12: =IF($A12="","",SUMIFS('Register'!$E$4:$E$253,'Register'!$C$4:$C$253,$A12,'Register'!$B$4:$B$253,"Payment",'Register'!$A$4:$A$253,">="&'Calendar'!$C$4,'Register'!$A$4:$A$253,"<="&'Calendar'!$A$54)) -> 6400 | D12: =IF($A12="","",IF($C$19=0,0,C12/$C$19)) -> 0.0042516442 | E12: =IF($A12="","",SUMIFS('Register'!$E$4:$E$253,'Register'!$C$4:$C$253,$A12,'Register'!$F$4:$F$253,"Paid",'Register'!$A$4:$A$253,">="&'Calendar'!$C$4,'Register'!$A$4:$A$253,"<="&'Calendar'!$A$54)) -> 6400 | F12: =IF($A12="","",B12+C12-E12) -> 0
A13: Utilities | B13: =IF($A13="","",SUMIFS('Register'!$E$4:$E$253,'Register'!$C$4:$C$253,$A13,'Register'!$B$4:$B$253,"Receipt",'Register'!$A$4:$A$253,">="&'Calendar'!$C$4,'Register'!$A$4:$A$253,"<="&'Calendar'!$A$54)) -> 0 | C13: =IF($A13="","",SUMIFS('Register'!$E$4:$E$253,'Register'!$C$4:$C$253,$A13,'Register'!$B$4:$B$253,"Payment",'Register'!$A$4:$A$253,">="&'Calendar'!$C$4,'Register'!$A$4:$A$253,"<="&'Calendar'!$A$54)) -> 12400 | D13: =IF($A13="","",IF($C$19=0,0,C13/$C$19)) -> 0.0082375606 | E13: =IF($A13="","",SUMIFS('Register'!$E$4:$E$253,'Register'!$C$4:$C$253,$A13,'Register'!$F$4:$F$253,"Paid",'Register'!$A$4:$A$253,">="&'Calendar'!$C$4,'Register'!$A$4:$A$253,"<="&'Calendar'!$A$54)) -> 0 | F13: =IF($A13="","",B13+C13-E13) -> 12400
B14: =IF($A14="","",SUMIFS('Register'!$E$4:$E$253,'Register'!$C$4:$C$253,$A14,'Register'!$B$4:$B$253,"Receipt",'Register'!$A$4:$A$253,">="&'Calendar'!$C$4,'Register'!$A$4:$A$253,"<="&'Calendar'!$A$54)) | C14: =IF($A14="","",SUMIFS('Register'!$E$4:$E$253,'Register'!$C$4:$C$253,$A14,'Register'!$B$4:$B$253,"Payment",'Register'!$A$4:$A$253,">="&'Calendar'!$C$4,'Register'!$A$4:$A$253,"<="&'Calendar'!$A$54)) | D14: =IF($A14="","",IF($C$19=0,0,C14/$C$19)) | E14: =IF($A14="","",SUMIFS('Register'!$E$4:$E$253,'Register'!$C$4:$C$253,$A14,'Register'!$F$4:$F$253,"Paid",'Register'!$A$4:$A$253,">="&'Calendar'!$C$4,'Register'!$A$4:$A$253,"<="&'Calendar'!$A$54)) | F14: =IF($A14="","",B14+C14-E14)
B15: =IF($A15="","",SUMIFS('Register'!$E$4:$E$253,'Register'!$C$4:$C$253,$A15,'Register'!$B$4:$B$253,"Receipt",'Register'!$A$4:$A$253,">="&'Calendar'!$C$4,'Register'!$A$4:$A$253,"<="&'Calendar'!$A$54)) | C15: =IF($A15="","",SUMIFS('Register'!$E$4:$E$253,'Register'!$C$4:$C$253,$A15,'Register'!$B$4:$B$253,"Payment",'Register'!$A$4:$A$253,">="&'Calendar'!$C$4,'Register'!$A$4:$A$253,"<="&'Calendar'!$A$54)) | D15: =IF($A15="","",IF($C$19=0,0,C15/$C$19)) | E15: =IF($A15="","",SUMIFS('Register'!$E$4:$E$253,'Register'!$C$4:$C$253,$A15,'Register'!$F$4:$F$253,"Paid",'Register'!$A$4:$A$253,">="&'Calendar'!$C$4,'Register'!$A$4:$A$253,"<="&'Calendar'!$A$54)) | F15: =IF($A15="","",B15+C15-E15)
B16: =IF($A16="","",SUMIFS('Register'!$E$4:$E$253,'Register'!$C$4:$C$253,$A16,'Register'!$B$4:$B$253,"Receipt",'Register'!$A$4:$A$253,">="&'Calendar'!$C$4,'Register'!$A$4:$A$253,"<="&'Calendar'!$A$54)) | C16: =IF($A16="","",SUMIFS('Register'!$E$4:$E$253,'Register'!$C$4:$C$253,$A16,'Register'!$B$4:$B$253,"Payment",'Register'!$A$4:$A$253,">="&'Calendar'!$C$4,'Register'!$A$4:$A$253,"<="&'Calendar'!$A$54)) | D16: =IF($A16="","",IF($C$19=0,0,C16/$C$19)) | E16: =IF($A16="","",SUMIFS('Register'!$E$4:$E$253,'Register'!$C$4:$C$253,$A16,'Register'!$F$4:$F$253,"Paid",'Register'!$A$4:$A$253,">="&'Calendar'!$C$4,'Register'!$A$4:$A$253,"<="&'Calendar'!$A$54)) | F16: =IF($A16="","",B16+C16-E16)
B17: =IF($A17="","",SUMIFS('Register'!$E$4:$E$253,'Register'!$C$4:$C$253,$A17,'Register'!$B$4:$B$253,"Receipt",'Register'!$A$4:$A$253,">="&'Calendar'!$C$4,'Register'!$A$4:$A$253,"<="&'Calendar'!$A$54)) | C17: =IF($A17="","",SUMIFS('Register'!$E$4:$E$253,'Register'!$C$4:$C$253,$A17,'Register'!$B$4:$B$253,"Payment",'Register'!$A$4:$A$253,">="&'Calendar'!$C$4,'Register'!$A$4:$A$253,"<="&'Calendar'!$A$54)) | D17: =IF($A17="","",IF($C$19=0,0,C17/$C$19)) | E17: =IF($A17="","",SUMIFS('Register'!$E$4:$E$253,'Register'!$C$4:$C$253,$A17,'Register'!$F$4:$F$253,"Paid",'Register'!$A$4:$A$253,">="&'Calendar'!$C$4,'Register'!$A$4:$A$253,"<="&'Calendar'!$A$54)) | F17: =IF($A17="","",B17+C17-E17)
B18: =IF($A18="","",SUMIFS('Register'!$E$4:$E$253,'Register'!$C$4:$C$253,$A18,'Register'!$B$4:$B$253,"Receipt",'Register'!$A$4:$A$253,">="&'Calendar'!$C$4,'Register'!$A$4:$A$253,"<="&'Calendar'!$A$54)) | C18: =IF($A18="","",SUMIFS('Register'!$E$4:$E$253,'Register'!$C$4:$C$253,$A18,'Register'!$B$4:$B$253,"Payment",'Register'!$A$4:$A$253,">="&'Calendar'!$C$4,'Register'!$A$4:$A$253,"<="&'Calendar'!$A$54)) | D18: =IF($A18="","",IF($C$19=0,0,C18/$C$19)) | E18: =IF($A18="","",SUMIFS('Register'!$E$4:$E$253,'Register'!$C$4:$C$253,$A18,'Register'!$F$4:$F$253,"Paid",'Register'!$A$4:$A$253,">="&'Calendar'!$C$4,'Register'!$A$4:$A$253,"<="&'Calendar'!$A$54)) | F18: =IF($A18="","",B18+C18-E18)
A19: Total | B19: =SUM(B4:B18) -> 1288500 | C19: =SUM(C4:C18) -> 1505300 | E19: =SUM(E4:E18) -> 306400 | F19: =SUM(F4:F18) -> 2487400

Sheet By week
A1: The period by week
A2: The same six weeks of the calendar, seven days at a time.
A3: From | B3: To | C3: Receipts | D3: Payments | E3: Net flow | F3: Closing balance
A4: ='Calendar'!A13 -> 46296 | B4: ='Calendar'!A19 -> 46302 | C4: =SUM('Calendar'!D13:D19) -> 180000 | D4: =SUM('Calendar'!E13:E19) -> 256400 | E4: =C4-D4 -> -76400 | F4: ='Calendar'!G19 -> 173600
A5: ='Calendar'!A20 -> 46303 | B5: ='Calendar'!A26 -> 46309 | C5: =SUM('Calendar'!D20:D26) -> 95000 | D5: =SUM('Calendar'!E20:E26) -> 287400 | E5: =C5-D5 -> -192400 | F5: ='Calendar'!G26 -> -18800
A6: ='Calendar'!A27 -> 46310 | B6: ='Calendar'!A33 -> 46316 | C6: =SUM('Calendar'!D27:D33) -> 360000 | D6: =SUM('Calendar'!E27:E33) -> 77500 | E6: =C6-D6 -> 282500 | F6: ='Calendar'!G33 -> 263700
A7: ='Calendar'!A34 -> 46317 | B7: ='Calendar'!A40 -> 46323 | C7: =SUM('Calendar'!D34:D40) -> 18500 | D7: =SUM('Calendar'!E34:E40) -> 464000 | E7: =C7-D7 -> -445500 | F7: ='Calendar'!G40 -> -181800
A8: ='Calendar'!A41 -> 46324 | B8: ='Calendar'!A47 -> 46330 | C8: =SUM('Calendar'!D41:D47) -> 305000 | D8: =SUM('Calendar'!E41:E47) -> 120000 | E8: =C8-D8 -> 185000 | F8: ='Calendar'!G47 -> 3200
A9: ='Calendar'!A48 -> 46331 | B9: ='Calendar'!A54 -> 46337 | C9: =SUM('Calendar'!D48:D54) -> 330000 | D9: =SUM('Calendar'!E48:E54) -> 300000 | E9: =C9-D9 -> 30000 | F9: ='Calendar'!G54 -> 33200
A10: Total | C10: =SUM(C4:C9) -> 1288500 | D10: =SUM(D4:D9) -> 1505300 | E10: =SUM(E4:E9) -> -216800 | F10: =F9 -> 33200
